 Dungeon Crawl Stone Soup version 0.27.1-3-gb3d3a73c9e (webtiles) character file.

Game seed: 5529586639294431756

87 Eitelfritz the Slasher (level 4, 0/34 HPs)
             Began as a Demonspawn Gladiator on Oct 22, 2021.
             Slain by a gnoll (1 damage)
             ... on level 2 of the Dungeon.
             The game lasted 00:04:28 (2380 turns).

Eitelfritz the Slasher (Demonspawn Gladiator)       Turns: 2380, Time: 00:04:29

Health: 0/34       AC:  7    Str: 15    XL:     4   Next: 28%
Magic:  4/4        EV: 12    Int:  9    God:
Gold:   83         SH:  0    Dex: 15    Spells: 3/3 levels left

rFire    . . .     SeeInvis +   a - +0 long sword
rCold    . . .     Faith    .   (no shield)
rNeg     . . .     Spirit   .   k - +0 ring mail
rPois    .         Reflect  .   c - +0 helmet
rElec    .         Harm     .   (no cloak)
rCorr    .         Rampage  .   (no gloves)
Will     +....                  j - +0 pair of boots
Stlth    +.........             (no amulet)
HPRegen  0.11/turn              h - ring of willpower
MPRegen  0.18/turn              i - ring of see invisible

@: hasted, very quick
A: talons 1, magic regeneration
a: no special abilities


You were on level 2 of the Dungeon.
You visited 1 branch of the dungeon, and saw 3 of its levels.

You collected 83 gold pieces.

Inventory:

Hand Weapons
 a - a +0 long sword (weapon)
Missiles
 d - 3 throwing nets (quivered)
 g - 3 curare-tipped darts
Armour
 c - a +0 helmet (worn)
 j - a +0 pair of boots (worn)
 k - a +0 ring mail (worn)
 l - a +0 chain mail
Jewellery
 h - a ring of willpower (left hand)
 i - a ring of see invisible (right hand)
 m - a ring of flight
Scrolls
 b - a scroll of teleportation {unknown}
 f - 2 scrolls of identify {unknown}
 n - a scroll of amnesia {unknown}


   Skills:
 + Level 2.4 Fighting
 + Level 3.6 Long Blades
 + Level 1.9 Throwing
 + Level 1.0 Armour
 + Level 3.4 Dodging


You had 3 spell levels left.
You didn't know any spells.
Your spell library was empty.

Dungeon Overview and Level Annotations

Branches:
Dungeon (3/15)

Altars:
Sif Muna

Shops:
D:1 (*==*

Annotations:
D:2 1 runed translucent door, Crazy Yiuf


Innate Abilities, Weirdness & Mutations

You have sharp toenails.
You regenerate magic rapidly.


Message History

The gnoll hits you with a +0 whip.
You closely miss the gnoll.
The gnoll is lightly wounded.
The endoplasm barely misses you. The gnoll hits you with a +0 club.
* * * LOW HITPOINT WARNING * * *
The gnoll hits you with a +0 whip.
* * * LOW HITPOINT WARNING * * *
The gnoll completely misses you.
There is a stone staircase leading up here.
The gnoll hits you with a +0 club.
* * * LOW HITPOINT WARNING * * *
You climb upwards.
Level annotation: 1 runed translucent door, Crazy Yiuf
There is a stone staircase leading down here.
You barely miss the gnoll.
The gnoll is lightly wounded.
The gnoll hits you but does no damage.
You hit the gnoll but do no damage.
The gnoll is lightly wounded.
The gnoll closely misses you.
You barely miss the gnoll.
The gnoll is lightly wounded.
The gnoll hits you but does no damage.
You barely miss the gnoll.
The gnoll is lightly wounded.
The gnoll barely misses you. The gnoll hits you with a +0 club.
* * * LOW HITPOINT WARNING * * *
You closely miss the gnoll.
The gnoll is lightly wounded.
The gnoll hits you but does no damage.
You hit the gnoll but do no damage.
The gnoll is lightly wounded.
The gnoll hits you with a +0 club.
* * * LOW HITPOINT WARNING * * *
It was a potion of haste.
You feel yourself speed up. The gnoll closely misses you.
You closely miss the gnoll.
The gnoll is lightly wounded.
The gnoll hits you with a +0 club.
You die...

.....########.#
#...## #.# ##.## #.#
#.# #.# #.# #.#
##'## #.#### #...##
#.##.## .....##
##.....# ......##
##.###@##
.......####...##g#
.......'>......#.#
.......####...##.###
......## #........#
.....## #.####.#.#
#...## #.# ##.#.#
##+## #.# #..#.# #.#
#.###.##.#


You could see a gnoll.

Vanquished Creatures
  A gnoll (D:3)
  3 adders
  2 dart slugs (D:1)
  7 endoplasms
  4 giant cockroaches
  4 goblins
  4 hobgoblins
  4 jackals (D:1)
  A quokka (D:1)
  2 ball pythons
  4 bats
  2 frilled lizards
  6 rats (D:1)
44 creatures vanquished.

Notes
Turn   | Place    | Note
-------+----------+-------------------------------------------
     0 | D:1      | Eitelfritz the Demonspawn Gladiator began the quest for the
                  | Orb.
     0 | D:1      | Reached XP level 1. HP: 16/16 MP: 1/1
    72 | D:1      | Found a faded altar of an unknown god.
   118 | D:1      | Gained mutation: You regenerate magic rapidly. [demonic
                  | ancestry]
   118 | D:1      | Reached XP level 2. HP: 22/22 MP: 2/2
   212 | D:1      | Found Mostytix's Assorted Antiques.
   251 | D:1      | Found Yxkymuyg's Jewellery Emporium.
   484 | D:1      | Found Wojucua's Jewellery Shop.
   611 | D:1      | Found Xywkae's Weapon Shop.
   663 | D:1      | Found Wiguucs's Assorted Antiques.
  1284 | D:2      | Gained mutation: You have sharp toenails. [demonic
                  | ancestry]
  1284 | D:2      | Reached XP level 3. HP: 15/27 MP: 3/3
  1554 | D:2      | Reached skill level 1 in Armour
  1717 | D:2      | Found a shimmering blue altar of Sif Muna.
  1866 | D:2      | Found a runed translucent door.
  1867 | D:2      | Noticed Crazy Yiuf
  2298 | D:3      | Reached XP level 4. HP: 33/33 MP: 4/4
  2378 | D:2      | HP: 1/34 [gnoll (5)]
  2380 | D:2      | Slain by a gnoll

Illustrated notes

Levels and vault maps discovered:
D:1:      evilmike_arrival_crescent, layout_loops_corners, serial_shops, shop,
          shop_fountains, shop, nicolae_shop_statue_plus, shop,
          hellmonk_ecumenical_altar_dog_temple, minmay_misc_feat_x
D:2:      layout_loops_corners, basic_altar, uniq_crazy_yiuf_cottage
D:3:      layout_loops_cross

Skill      XL: |  1  2  3 |
---------------+----------+-----
Dodging        | 3 |  3.4
Long Blades    | 3 |  3.6
Armour         | 1 |  1.0
Fighting       | |  2.4
Throwing       | |  1.9

Action                   |  1- 3 |  4- 6 || total
-------------------------+-------+-------++-------
Melee: Long sword        |   111 |    19 ||   130
  Use: Potion            |       |     1 ||     1
Armor: Leather armour    |    22 |       ||    22
       Ring mail         |    28 |     4 ||    32
Dodge: Dodged            |    71 |    12 ||    83
       Rpst.: Long sword |    24 |     2 ||    26
